 Dungeon Crawl Stone Soup version 0.31.0-9-g3a7656b989 (webtiles) character file.

Game seed: 10132964182214054719

32 qw the Shooter (level 3, 0/20 HPs)
             Began as a Deep Elf Hunter on Feb 2, 2024.
             Slain by a kobold
             ... wielding a +0 short sword
              (2 damage)
             ... on level 1 of the Dungeon.
             The game lasted 00:00:02 (637 turns).

qw the Shooter (Deep Elf Hunter)                     Turns: 637, Time: 00:00:03

Health: 0/20       AC:  3    Str: 10    XL:     3   Next: 8%
Magic:  5/5        EV: 12    Int: 13    God:
Gold:   46         SH:  0    Dex: 18    Spells: 2/2 levels left

rFire   . . .        a - +0 shortbow
rCold   . . .        (shield currently unavailable)
rNeg    . . .        c - +0 leather armour
rPois   .            (no helmet)
rElec   .            (no cloak)
rCorr   .            (no gloves)
SInv    .            (no boots)
Will    .....        (no amulet)
Stlth   ++           (no ring)
HPRegen 0.23/turn    (no ring)
MPRegen 0.09/turn

%: no passive effects
@: no status effects
A: no striking features
a: no special abilities


You were on level 1 of the Dungeon.
You visited 1 branch of the dungeon, and saw 2 of its levels.

You collected 46 gold pieces.


   Skills:
 - Level 1.5 Fighting
 + Level 6.7 Ranged Weapons
 - Level 2.4 Dodging
 - Level 1.2 Stealth


You had 2 spell levels left.
You didn't know any spells.
Your spell library was empty.

Inventory:

Hand Weapons
 a - a +0 shortbow (weapon)
Armour
 c - a +0 leather armour (worn)
Potions
 d - a potion of curing
 e - a potion of haste

Dungeon Overview and Level Annotations

Branches:
Dungeon (2/15)

Altars:


Message History

The kobold closely misses you. The frilled lizard bites you.
You climb upwards.
There is a stone staircase leading down here.
You start resting.
HP restored.
You climb downwards.
The goblin hits you with a +0 club. The hobgoblin misses you.
The kobold hits you but does no damage. The frilled lizard bites you.
There is a stone staircase leading up here.
You shoot an arrow. The arrow misses the frilled lizard.
The goblin hits you but does no damage. The kobold closely misses you.
A rat comes into view.
The hobgoblin hits you but does no damage.
The frilled lizard bites you but does no damage.
631 ||| STAIRDANCE The goblin barely misses you.
The hobgoblin closely misses you.
The kobold hits you with a +0 short sword.
The frilled lizard closely misses you.
You climb upwards.
There is a stone staircase leading down here.
You shoot an arrow. The arrow hits the frilled lizard.
You kill the frilled lizard!
The hobgoblin closely misses you. The kobold misses you.
The goblin barely misses you.
You shoot an arrow. The arrow closely misses the goblin.
The hobgoblin barely misses you. The kobold hits you but does no damage.
The goblin barely misses you. The hobgoblin closely misses you.
The kobold misses you. The goblin barely misses you.
You shoot an arrow. The arrow closely misses the goblin.
The hobgoblin completely misses you.
The kobold hits you with a +0 short sword.
The goblin hits you with a +0 club.
You shoot an arrow. The arrow barely misses the goblin.
The hobgoblin hits you. The kobold barely misses you.
The goblin hits you but does no damage.
You shoot an arrow. The arrow hits the goblin.
You kill the goblin!
The hobgoblin barely misses you.
The kobold hits you with a +0 short sword.
You die...

#####.#######.# #....!# #.#
#############.# #.........#
#.############### #[#...#
#......# #.#.#.# #......#
##### #.#.#.####.g....#
#....
#.#.#......@)...########....
#.#.#######.K.....[....)....
#.....................##....
###.#######.#########.##....
#.....#.....)....##.##....
#####.#.......##.##.##....
#.#....##.##.##.######
###.#....##.##.##.#
#.........#.##.##.#


You could see a hobgoblin and a kobold.

Vanquished Creatures
  2 dart slugs (D:1)
  3 endoplasms (D:1)
  A giant cockroach (D:1)
  2 goblins (D:1)
  4 hobgoblins (D:1)
  5 kobolds (D:1)
  A quokka (D:1)
  2 ball pythons (D:1)
  2 bats (D:1)
  2 frilled lizards (D:1)
  3 rats (D:1)
27 creatures vanquished.

Notes
Turn   | Place    | Note
-------+----------+-------------------------------------------
     0 | D:1      | qw the Deep Elf Hunter began the quest for the Orb.
     0 | D:1      | Reached XP level 1. HP: 12/12 MP: 3/3
     0 | D:1      | 0 ||| qw: Version: 0.3-a-155-g5e7d8dd
     0 | D:1      | 0 ||| qw: Game counter: 905
     0 | D:1      | 0 ||| qw: Melee chars always use a shield: true
     0 | D:1      | 0 ||| qw: God list: Okawaru
     0 | D:1      | 0 ||| qw: Allow faded altars: false
     0 | D:1      | 0 ||| qw: Do Orc after clearing Dungeon:15 true
     0 | D:1      | 0 ||| qw: Do second Lair branch before Depths: true
     0 | D:1      | 0 ||| qw: Lair rune preference: random
     0 | D:1      | 0 ||| qw: Goals: Normal
     0 | D:1      | 0 ||| PLANNING D:1-11
    88 | D:1      | HP: 2/12 [quokka (2)]
    90 | D:1      | Reached skill level 6 in Ranged Weapons
    90 | D:1      | Reached XP level 2. HP: 3/16 MP: 4/4
   377 | D:1      | Reached XP level 3. HP: 20/20 MP: 5/5
   575 | D:1      | 575 ||| READING scroll labelled SYFORIONAA.
   576 | D:1      | 576 ||| READING 2 scrolls labelled SAUQYL SUPLADI.
   576 | D:1      | 576 ||| IDENTIFYING purple potion
   577 | D:1      | 577 ||| READING scroll of identify.
   577 | D:1      | 577 ||| IDENTIFYING silvery potion
   578 | D:1      | 578 ||| READING scroll labelled UVVACW HACKALL.
   579 | D:1      | 579 ||| DRINKING 2 glowing white potions.
   580 | D:1      | 580 ||| DROPPING scroll of butterflies.
   581 | D:1      | 581 ||| DROPPING potion of brilliance.
   619 | D:2      | 619 ||| STAIRDANCE
   631 | D:2      | 631 ||| STAIRDANCE
   636 | D:1      | HP: 2/20 [hobgoblin (4)]
   637 | D:1      | Slain by a kobold

Levels and vault maps discovered:
D:1:      eino_arrival_water_star, layout_basic
D:2:      wad_pebble_path, layout_basic, basic_altar, kennysheep_generic_room_2

Skill      XL: |  1 |
---------------+----+-----
Ranged Weapons | 6 |  6.7
Fighting       | |  1.5
Dodging        | |  2.4
Stealth        | |  1.2

Action                     || total
---------------------------++-------
   Fire: Shortbow          ||    73
    Use: Scroll            ||     4
         Potion            ||     1
 Armour: Leather armour    ||    30
  Dodge: Dodged            ||    31

Table legend:
 A = Non-vault XP
 B = Vault XP
 C = Vault XP percentage of total XP
 D = Non-vault monster count
 E = Vault monster count
 F = Vault count percentage of total count
                 A         B        C        D         E       F
            +---------+---------+-------+---------+---------+-------
      Total |      48 |       0 |   0.0 |      27 |       0 |   0.0
            +---------+---------+-------+---------+---------+-------
        D:1 |      48 |       0 |   0.0 |      27 |       0 |   0.0
            +---------+---------+-------+---------+---------+-------
